 Dungeon Crawl Stone Soup version 0.29.0-11-gd7f09526c8 (webtiles) character file.

Game seed: 17690151291906121173

62 gelatine the Magician (level 3, -7/27 HPs)
             Began as a Demonspawn Wanderer on Sept 3, 2022.
             Killed from afar by Sigmund (10 damage)
             ... with a magic dart
             ... on level 3 of the Dungeon.
             The game lasted 00:05:16 (2091 turns).

gelatine the Magician (Demonspawn Wanderer)         Turns: 2091, Time: 00:05:17

Health: -7/27      AC:  3    Str: 10    XL:     3   Next: 85%
Magic:  1/8        EV: 11    Int: 18    God:
Gold:   169        SH:  0    Dex: 11    Spells: 8/9 levels left

rFire   . . .      SeeInvis .   h - +1 dagger (freeze)
rCold   . . .      Faith    .   (no shield)
rNeg    . . .      Spirit   .   c - +0 robe
rPois   .          Reflect  .   d - +0 helmet
rElec   .          Harm     .   (no cloak)
rCorr   .          Rampage  .   (no gloves)
Will    .....                   (no boots)
Stlth   ++........              (no amulet)
HPRegen 0.09/turn               (no ring)
MPRegen 0.11/turn               (no ring)

@: no status effects
A: demonic guardian 1
a: no special abilities


You were on level 3 of the Dungeon.
You visited 1 branch of the dungeon, and saw 3 of its levels.

You collected 169 gold pieces.

Inventory:

Hand Weapons
 h - a +1 dagger of freezing (weapon)
Missiles
 e - 6 silver boomerangs
Armour
 c - a +0 robe (worn)
 d - a +0 helmet (worn)
Scrolls
 b - a scroll of fear
 f - a scroll of teleportation {unknown}
 i - 2 scrolls of identify {unknown}
 k - a scroll of poison {unknown}
 m - a scroll of amnesia {unknown}
Potions
 a - 2 potions of heal wounds {unknown}
 g - 2 potions of flight {unknown}
 j - a potion of brilliance {unknown}
 l - a potion of cancellation {unknown}
 n - a potion of attraction {unknown}


   Skills:
 * Level 1.6 Fighting
 * Level 1.7 Armour
 * Level 0.4 Dodging
 + Level 1.8 Stealth
 + Level 3.7 Spellcasting
 + Level 0.4 Conjurations
 + Level 1.0 Translocations
 + Level 2.0 Air Magic


You had 8 spell levels left.
You knew the following spells:

 Your Spells              Type           Power      Damage    Failure   Level
a - Shock                 Conj/Air       28%        1d4       10%         1

Your spell library contained the following spells:

 Spells                   Type           Power      Damage    Failure   Level
 Apportation              Tloc           14%        N/A       10%         1
 Necrotise                Necr           12%        1d4       16%         1
 Lesser Beckoning         Tloc           7%         N/A       28%         3
 Mephitic Cloud           Conj/Pois/Air  6%         N/A       32%         3
 Portal Projectile        Hex/Tloc       10%        N/A       36%         3
 Conjure Flame            Conj/Fire      4%         6-21      38%         3
 Ignite Poison            Fire/Tmut/Pois 3%         N/A       41%         3
 Airstrike                Air            5%         2d(1-17)  54%         4
 Sticky Flame             Conj/Fire      4%         2d3       80%         4


Dungeon Overview and Level Annotations

Branches:
Dungeon (3/15)

Altars:

Shops:
D:1 (

Annotations:
D:3 Sigmund


Innate Abilities, Weirdness & Mutations

A weak demonic guardian rushes to your aid.


Message History

Sigmund barely misses you.
The zap hits Sigmund.
Sigmund is severely wounded.
You miscast Shock.
You are very lightly contaminated with residual magic.
Nothing appears to happen.
Sigmund gestures at you while chanting. The puff of flame misses you.
The zap hits Sigmund.
Sigmund is severely wounded.
Sigmund hits you from afar with a +0 scythe.
You are out of magic!
You are out of magic!
Sigmund closely misses you.
You closely miss Sigmund.
Sigmund is severely wounded.
You hit Sigmund but do no damage.
Sigmund is severely wounded.
Sigmund hits you with a +0 scythe.
You hit Sigmund. You freeze Sigmund.
Sigmund is severely wounded.
Sigmund hits you with a +0 scythe.
You hit Sigmund. You freeze Sigmund.
Sigmund is almost dead.
Your magical contamination has completely faded away.
You hit Sigmund but do no damage.
Sigmund is almost dead.
Sigmund hits you but does no damage.
You barely miss Sigmund.
Sigmund is almost dead.
Sigmund hits you with a +0 scythe!
* * * LOW HITPOINT WARNING * * *
A demonic guardian appears!
You closely miss Sigmund.
Sigmund is almost dead.
Sigmund attacks as you move away! Sigmund hits you but does no damage.
Sigmund says, "I'm your fate."
Sigmund points at you and mumbles some strange words.
The magic dart hits you!
You die...

#. .............
#.####.........#
#...##...#..#..###
#..............#.#
#................#
#................#
#####.##.#........
#........#5......#
#####.####@.....##
#...@..#.#..#
######......#
#.###..# #.# ....
#.# ##. #.# #..
###


You could see Sigmund (ally target) and a friendly iron imp (summoned).

Vanquished Creatures
  An adder (D:2)
  A worm (D:2)
  A dart slug (D:1)
  3 bats
  2 endoplasms
  A giant cockroach (D:1)
  7 goblins
  3 hobgoblins
  2 jackals (D:1)
  3 kobolds (D:1)
  A ball python (D:1)
  A frilled lizard (D:1)
  14 rats
40 creatures vanquished.

Vanquished Creatures (collateral kills)
  An adder (D:2)
1 creature vanquished.

Grand Total: 41 creatures vanquished

Notes
Turn   | Place    | Note
-------+----------+-------------------------------------------
     0 | D:1      | gelatine the Demonspawn Wanderer began the quest for the
                  | Orb.
     0 | D:1      | gelatine set off with the following items: a +0 dagger, a
                  | scroll of fear, a +0 robe, a +0 helmet; and the following
                  | spells available to memorise: Apportation, Shock, Lesser
                  | Beckoning, Mephitic Cloud, Airstrike.
     0 | D:1      | Reached XP level 1. HP: 15/15 MP: 4/4
     2 | D:1      | Learned a level 1 spell: Shock
   148 | D:1      | Gained mutation: A weak demonic guardian rushes to your
                  | aid. [demonic ancestry]
   148 | D:1      | Reached XP level 2. HP: 21/21 MP: 4/6
   646 | D:1      | Found a faded altar of an unknown god.
   761 | D:1      | Reached XP level 3. HP: 26/26 MP: 4/8
   966 | D:1      | Found Wiuk's Antique Weapon Emporium.
  1313 | D:2      | Got the Meditations on Shadows and Peregrination
  2061 | D:3      | Noticed Sigmund
  2091 | D:3      | Killed from afar by Sigmund

Illustrated notes

Levels and vault maps discovered:
D:1:      tarquinn_simple_flora_water_f, layout_basic, serial_shops,
          nicolae_lakefront_shop, chequers_ecumenical_altar_grove,
          minmay_misc_feat_rugged, minmay_rat_gold_closets
D:2:      wad_pebble_path, layout_basic, minmay_crystal_water,
          chequers_serial_rivers_room_b, chequers_avenue
D:3:      layout_basic, serial_aquarium, aquarium_bridge_straight
          [aquarium_subvault_bridge, aquarium_subvault_wall,
          aquarium_subvault_bridge, aquarium_subvault_wall],
          aquarium_bridge_long_separate [aquarium_subvault_bridge,
          aquarium_subvault_bridge, aquarium_subvault_wall,
          aquarium_subvault_bridge, aquarium_subvault_window,
          aquarium_subvault_wall], aquarium_window_1, aquarium_window_2,
          aquarium_window_2, aquarium_view_2e, aquarium_balcony_3b, uniq_sigmund

Skill      XL: |  1  2  3 |
---------------+----------+-----
Air Magic      | 2 |  2.0
Fighting       | |  1.6
Armour         | |  1.7
Dodging        | |  0.4
Stealth        | |  1.8
Spellcasting   | |  3.7
Conjurations   | |  0.4
Translocations | |  1.0

Action                   || total
-------------------------++-------
Melee: Dagger            ||    25
 Cast: Shock             ||    95
Armor: Robe              ||    15
Dodge: Dodged            ||    21
